 Dungeon Crawl Stone Soup version 0.31-a0-496-g6f97920a28 (webtiles) character file.

Game seed: 9550273095987004760

88 kae the Changeling (level 4, -7/52 HPs)
             Began as a Draconian Shapeshifter on Aug 8, 2023.
             Splashed by a jelly's acid (8 damage)
             ... on level 3 of the Dungeon.
             The game lasted 00:01:35 (1461 turns).

kae the Changeling (Draconian Shapeshifter)         Turns: 1461, Time: 00:01:36

Health: -7/52      AC: 14    Str: 17    XL:     4   Next: 30%
Magic:  4/4        EV:  2    Int:  9    God:
Gold:   114        SH:  0    Dex: 13    Spells: 3/3 levels left

rFire   . .          .
                       - Unarmed
rCold   . . .        (no shield)
rNeg    . . .        (body armour unavailable)
rPois   +            (helmet currently unavailable)
rElec   .            (cloak currently unavailable)
rCorr   .            (gloves currently unavailable)
SInv    .            (boots currently unavailable)
Will    .....        (no amulet)
Stlth   +            (no ring)
HPRegen 0.28/turn    (no ring)
MPRegen 0.09/turn

%: no passive effects
@: tree-form, corroded
A: stationary, stasis, torment immunity, boosted hp, AC +5, unfitting armour,
(cold-blooded)
a: no special abilities


You were on level 3 of the Dungeon.
You were a tree.
You visited 1 branch of the dungeon, and saw 3 of its levels.

You collected 114 gold pieces.


Innate Abilities, Weirdness & Mutations

You are a tree.
Your roots penetrate the ground, keeping you stationary.
You cannot be teleported.
You are immune to unholy pain and torment.
Your maximum health is greatly increased.
Your equipment is partially melded.
((Your plain brown scales are hard. (AC +5)))
You cannot fit into any form of body armour.
((You are cold-blooded and may be slowed by cold attacks.))


   Skills:
 - Level 1.1 Fighting
 - Level 1.7 Dodging
 + Level 3.8 Unarmed Combat
 * Level 4.1 Shapeshifting


You had 3 spell levels left.
You didn't know any spells.
Your spell library contained the following spells:

 Spells                   Type           Power      Damage    Failure   Level
 Ozocubu's Armour         Ice            0%         N/A       77%         3
 Volatile Blastmotes      Fire/Tloc      0%         2d10      77%         3
 Fulminant Prism          Conj/Hex       0%         3d5       99%         4
 Iskenderun's Mystic Bla  Conj/Tloc      0%         2d3       99%         4
 Ozocubu's Refrigeration  Ice            0%         4d7       100%        7

Inventory:

Missiles
 e - 40 stones
Talismans
 b - a beast talisman
 c - a flux talisman
Scrolls
 d - a scroll of blinking {!r}
 h - a scroll of noise {unknown}
 k - a scroll of teleportation {unknown}
 l - a scroll of acquirement {unknown}
Potions
 f - 2 potions of curing {unknown}
 g - a potion of enlightenment {unknown}
 i - a potion of heal wounds {unknown}
 j - a potion of brilliance {unknown}

Dungeon Overview and Level Annotations

Branches:
Dungeon (3/15) Zot: 16544

Altars:

#~~≈~~≈~...~~~~≈~
~~~~≈≈≈~.~~#≈#≈≈
##≈≈≈≈#~~.~≈≈≈≈~≈
..~≈≈≈.~..≈≈≈≈~.
#~≈≈~≈$..~≈≈≈≈#
##≈≈~~≈~~≈≈≈###
##.≈≈#≈#≈~.#
##J##~~.≈≈#.
####.♣###..###..
#.......#.####.##
#...............######
#........###..........
#........# #....).....
#........###....†.....
#.............##.# #.
#.......##.##.##># #.
##########.......# #.


You could see a jelly.


Message History

Your hp is fully restored (35).
Unknown command.
A dart slug is nearby!
Unknown command.
A dart slug is nearby!
There is a stone staircase leading down here.
You hit the dart slug but do no damage. You punch the dart slug!
The dart slug launches a dart at you. The slug dart hits you.
You hit the dart slug.
You kill the dart slug! 😕 HP[-4]
You take 4 damage, and now have 31/35 hp.
No target in view!
No target in view!
No target in view!
No target in view!
There is a stone staircase leading down here. 😕 HP[+1]
You see here a +0 orcbow.
Press: ? - help, v - describe, . - travel, g - get item Item here: a +0 orcbow.
The floor.
e - 40 stones (gained 7) 😎 HP[+3]
Your hp is fully restored (35).
There are monsters nearby!
There are monsters nearby!
There are monsters nearby!
There are monsters nearby!
You start waiting.
A dart slug is nearby!
The dart slug closely misses you.
You hit the dart slug. You hit the dart slug.
You kill the dart slug!
No target in view!
No target in view!
No target in view!
You start waiting.
A dart slug is nearby!
The dart slug barely misses you.
You punch the dart slug! You hit the dart slug.
You kill the dart slug!
No target in view!
No target in view!
No target in view!
You see here a dart slug corpse.
What are your orders? t - Shout!
Orders for allies: a - Attack new target. r - Retreat! s - Stop attacking. g - Guard the area. f - Follow me.
Anything else - Cancel.
You shout for attention!
You start waiting.
A jelly comes into view.
You see here a dart slug corpse.
You start waiting.
A jelly is nearby!
The jelly hits you.
You are splashed with acid!
A dart slug comes into view.
You hit the jelly. The acid corrodes you!
Your hands burn!
The jelly barely misses you. 😮 HP[-11]
You take 11 damage, and now have 24/35 hp.
MASSIVE DAMAGE!! (PAUSE)
You hit the jelly.
Your hands burn!
The jelly jiggles.
The jelly hits you. The acid corrodes you!
You are splashed with acid!
* * * LOW HITPOINT WARNING * * *
😨 HP[-13]
You take 13 damage, and now have 11/35 hp.
MASSIVE DAMAGE!! (PAUSE)
You hit the jelly but do no damage.
Your hands burn!
* * * LOW HITPOINT WARNING * * *
The jelly barely misses you. 😱 HP[-4]
You take 4 damage, and now have 7/35 hp.
Unknown command.
You hit the jelly but do no damage.
Your hands burn!
* * * LOW HITPOINT WARNING * * *
The jelly misses you. 😱 HP[-3]
You take 3 damage, and now have 4/35 hp.
Unknown command.
Your transformation has ended.
You turn into a tree.
Your roots penetrate the ground.
The jelly barely misses you. 😱 HP[+3]
You now have 52 max hp (+17).
You regained 3 hp, and now have 7/52 hp.
A jelly is nearby!
You hit the jelly.
Your branches burn!
* * * LOW HITPOINT WARNING * * *
The jelly hits you.
* * * LOW HITPOINT WARNING * * *
You are splashed with acid!
You die...

Skill      XL: |  1  2  3 |
---------------+----------+-----
Shapeshifting  | 4 |  4.1
Fighting       | |  1.1
Dodging        | |  1.7
Unarmed Combat | |  3.8

Action                     |  1- 3 |  4- 6 || total
---------------------------+-------+-------++-------
  Melee: Unarmed           |    96 |    35 ||   131
         Tailslap          |     7 |     2 ||     9
         Punch             |     2 |     1 ||     3
    Use: Scroll            |     3 |       ||     3
         Potion            |       |     1 ||     1
   Stab: Sleeping          |       |     1 ||     1
 Armour: Skin              |    30 |     1 ||    31
  Dodge: Dodged            |    69 |    15 ||    84

Levels and vault maps discovered:
D:1:      amcnicky_arrival_double_pillar, layout_basic,
          hellmonk_ecumenical_altar_heavens_door, grunt_decor_mini_mirrors
D:2:      layout_basic
D:3:      kennysheep_slugbush, layout_loops_cross, kennysheep_flooded_box

Notes
Turn   | Place    | Note
-------+----------+-------------------------------------------
     0 | D:1      | kae the Draconian Shapeshifter began the quest for the Orb.
     0 | D:1      | Reached XP level 1. HP: 16/16 MP: 1/1
     0 | D:1      | magus.rc [v1.11.3]
   264 | D:1      | Reached XP level 2. HP: 6/22 MP: 2/2
   349 | D:1      | Found a faded altar of an unknown god.
   756 | D:2      | Reached XP level 3. HP: 28/28 MP: 3/3
   917 | D:2      | You pick up a book of Blasting and begin reading...
   917 | D:2      | You add the spells Volatile Blastmotes, Fulminant Prism and
                  | Iskenderun's Mystic Blast to your library.
  1014 | D:2      | Reached skill level 4 in Shapeshifting
  1093 | D:2      | Reached XP level 4. HP: 30/35 MP: 4/4
  1270 | D:3      | You add the spells Ozocubu's Armour and Ozocubu's
                  | Refrigeration to your library.
  1458 | D:3      | HP: 7/35 [acid (4)]
  1461 | D:3      | HP: 2/52 [acid (5)]
  1461 | D:3      | Splashed by a jelly's acid

Vanquished Creatures
  3 adders (D:2)
  3 worms
  4 dart slugs
  6 bats
  3 endoplasms
  A giant cockroach (D:1)
  3 hobgoblins
  4 quokkas
  2 ball pythons (D:2)
  7 goblins
  3 kobolds
  9 rats
48 creatures vanquished.

Table legend:
 A = Non-vault XP
 B = Vault XP
 C = Vault XP percentage of total XP
 D = Non-vault monster count
 E = Vault monster count
 F = Vault count percentage of total count
                 A         B        C        D         E       F
            +---------+---------+-------+---------+---------+-------
      Total |     115 |      12 |   9.4 |      45 |       3 |   6.2
            +---------+---------+-------+---------+---------+-------
        D:1 |      23 |       0 |   0.0 |      16 |       0 |   0.0
        D:2 |      84 |       0 |   0.0 |      26 |       0 |   0.0
        D:3 |       8 |      12 |  60.0 |       3 |       3 |  50.0
            +---------+---------+-------+---------+---------+-------

Skill      XL: |  1  2  3 |
---------------+----------+-----
Shapeshifting  | 4 |  4.1
Fighting       | |  1.1
Dodging        | |  1.7
Unarmed Combat | |  3.8

Action                     |  1- 3 |  4- 6 || total
---------------------------+-------+-------++-------
  Melee: Unarmed           |    96 |    35 ||   131
         Tailslap          |     7 |     2 ||     9
         Punch             |     2 |     1 ||     3
    Use: Scroll            |     3 |       ||     3
         Potion            |       |     1 ||     1
   Stab: Sleeping          |       |     1 ||     1
 Armour: Skin              |    30 |     1 ||    31
  Dodge: Dodged            |    69 |    15 ||    84

Illustrated notes

Table legend:
 A = Kills in this place as a percentage of kills in the entire game.
 B = Kills by you in this place as a percentage of kills by you in the entire game.
 C = Kills by friends in this place as a percentage of kills by friends in the entire game.
 D = Other kills in this place as a percentage of other kills in the entire game.
 E = Experience gained in this place as a percentage of experience gained in the entire game.
 F = Experience gained in this place divided by the number of levels of this place that you have seen.
                   A       B       C       D       E      F
               +-------+-------+-------+-------+-------+----------------------
         Total | 100.0 | 100.0 |   N/A |   N/A | 100.0 |  42.3
       Dungeon | 100.0 | 100.0 |   N/A |   N/A | 100.0 |  42.3
               +-------+-------+-------+-------+-------+----------------------

Table legend: (Time is in decaauts)
 A = Elapsed time spent in this place.
 B = Non-inter-level travel time spent in this place.
 C = Inter-level travel time spent in this place.
 D = Time resting spent in this place.
 E = Time spent auto-exploring this place.
 F = Levels seen in this place.
 G = Mean time per level.
                   A        B        C        D        E       F      G
               +--------+--------+--------+--------+--------+-----+--------+
         Total |   1454 |   1384 |     70 |    168 |    904 |   3 |  484.7 |
       Dungeon |   1454 |   1384 |     70 |    168 |    904 |   3 |  484.7 |
               +--------+--------+--------+--------+--------+-----+--------+

Top non-repeatable levels by time:
     D:1: 653 daAuts
     D:2: 575 daAuts
     D:3: 225 daAuts
